 Dungeon Crawl Stone Soup version 0.30.1-11-g7821555f0a (webtiles) character file.

Game seed: 7775862335424084171

103 monsoonserge the Gusty (level 4, -4/24 HPs)
             Began as a Tengu Air Elementalist on Jan 2, 2024.
             Shot with an arrow by a centaur (13 damage)
             ... on level 4 of the Dungeon.
             The game lasted 00:08:33 (3363 turns).

monsoonserge the Gusty (Tengu Air Elementalist)     Turns: 3363, Time: 00:08:34

Health: -4/24      AC:  3    Str:  8    XL:     4   Next: 79%
Magic:  5/8        EV: 12    Int: 17    God:
Gold:   126        SH:  0    Dex: 15    Spells: 2/7 levels left

rFire   . . .        q - +0 short sword
rCold   . . .        (no shield)
rNeg    . . .        c - +0 leather armour
rPois   .            (helmet restricted)
rElec   .            (no cloak)
rCorr   .            (no gloves)
SInv    .            (boots unavailable)
Will    .....        (no amulet)
Stlth   ++           (no ring)
HPRegen 0.24/turn    (no ring)
MPRegen 0.11/turn

%: no passive effects
@: no status effects
A: beak, talons 3
a: no special abilities


You were on level 4 of the Dungeon.
You visited 1 branch of the dungeon, and saw 4 of its levels.

You collected 126 gold pieces.

Inventory:

Hand Weapons
 q - a +0 short sword (weapon)
Missiles
 h - 2 poisoned darts (quivered)
Armour
 a - a +0 robe
 c - a +0 leather armour (worn)
 n - a +0 ring mail
Jewellery
 o - a ring of ice
Scrolls
 e - 3 scrolls of identify {unknown}
 f - a scroll of butterflies {unknown}
 i - a scroll of vulnerability {unknown}
 k - a scroll of enchant weapon {unknown}
 l - a scroll of noise {unknown}
 m - a scroll of fear {unknown}
 p - a scroll of amnesia {unknown}
 u - a scroll of teleportation {unknown}
Potions
 d - a potion of curing {unknown}
 g - a potion of heal wounds
 j - a potion of might {unknown}
 r - a potion of invisibility {unknown}
 s - a potion of mutation {unknown}
 t - a potion of ambrosia {unknown}


   Skills:
 + Level 0.1 Short Blades
 * Level 1.9 Armour
 + Level 2.3 Dodging
 + Level 2.7 Stealth
 - Level 2.0 Spellcasting
 - Level 2.0 Conjurations
 + Level 5.7 Air Magic


You had 2 spell levels left.
You knew the following spells:

 Your Spells              Type           Power      Damage    Failure   Level
a - Shock                 Conj/Air       56%        1d6       5%          1
b - Airstrike             Air            10%        2d(2-18)  26%         4

Your spell library contained the following spells:

 Spells                   Type           Power      Damage    Failure   Level
 Static Discharge         Conj/Air       28%        2-4/arc   9%          2
 Necrotise                Necr           4%         1d4       26%         1
 Swiftness                Air            21%        N/A       8%          3
 Vampiric Draining        Necr           1%         2d6       63%         3
 Agony                    Necr           1%         N/A       100%        5


Dungeon Overview and Level Annotations

Branches:
Dungeon (4/15)
 Temple: D:4-7

Altars:
Trog

Shops:
D:2 (   D:3 (*[


Innate Abilities, Weirdness & Mutations

You have a beak for a mouth.
You have claws for feet.


Message History

The zap misses the hound.
The zap hits the centaur.
The centaur is moderately wounded.
The hound bites you but does no damage.
Unknown command.
Casting: Shock (safe; 5% risk of failure)
Confirm with . or Enter, or press ? or * to list all spells.
You don't know that spell.
Sorry, you're not good enough to have a special ability.
Throw: 3 darts (poison)
Press: ? - help, Q - select action, (/) - cycle Shift-Dir - straight line, f/p - hound
Aim: a hound (heavily wounded, 46% to hit)
You throw a poisoned dart.
The poisoned dart barely misses the hound.
The poisoned dart hits the centaur.
The centaur is moderately wounded.
The hound closely misses you. The hound barely misses you.
Casting: Shock (safe; 5% risk of failure)
Confirm with . or Enter, or press ? or * to list all spells.
Aiming: Shock (safe; 5% risk of failure)
Press: ? - help, Shift-Dir - straight line, f/p - hound
Aim: a hound (heavily wounded, 60% to hit)
The zap hits the hound.
The hound is severely wounded.
The zap hits the centaur.
The centaur is heavily wounded.
The hound bites you.
Your magical contamination has completely faded away.
Casting: Shock (safe; 5% risk of failure)
Confirm with . or Enter, or press ? or * to list all spells.
Aiming: Shock (safe; 5% risk of failure)
Press: ? - help, Shift-Dir - straight line, f/p - hound
Aim: a hound (severely wounded, 60% to hit)
The zap hits the hound.
You kill the hound!
The zap hits the centaur.
The centaur is severely wounded.
The centaur shoots an arrow.
The arrow barely misses you.
The centaur shoots an arrow.
The arrow hits you!
Ouch! That really hurt!
You die...

....###..#..###.. .#
##......###..... [#
###.###.....# .### #
#...#.#...######...##
#
###.................#
# #.........>.......#
# #..###.#####c.....#
.>......# #†#...##
.....###.# #@# ..#
###.# #.# #†# .# #.#
... # ... ..... ..
....##. ...... ..
.....#. .# ...... . #


You could see a centaur.

Vanquished Creatures
  A hound (D:4)
  Jessica (D:3)
  A worm (D:3)
  A dart slug (D:1)
  5 orcs (D:3)
  8 endoplasms
  A giant cockroach (D:1)
  6 goblins
  9 hobgoblins
  3 jackals (D:2)
  3 quokkas
  7 ball pythons
  6 bats
  5 kobolds
  6 rats
63 creatures vanquished.

Notes
Turn   | Place    | Note
-------+----------+-------------------------------------------
     0 | D:1      | monsoonserge the Tengu Air Elementalist began the quest for
                  | the Orb.
     0 | D:1      | Reached XP level 1. HP: 10/10 MP: 4/4
   275 | D:1      | Reached XP level 2. HP: 15/15 MP: 3/6
   453 | D:1      | Reached skill level 1 in Armour
   663 | D:1      | Reached skill level 5 in Air Magic
   739 | D:1      | Reached XP level 3. HP: 19/19 MP: 7/7
  1543 | D:2      | Found Imoesh's Antique Weapon Boutique.
  2155 | D:3      | Found Duiqet's General Store.
  2157 | D:3      | Noticed Jessica
  2163 | D:3      | Killed Jessica
  2164 | D:3      | Reached XP level 4. HP: 24/24 MP: 2/8
  2169 | D:3      | Learned a level 4 spell: Airstrike
  2258 | D:3      | Found Kauf's Armour Emporium.
  2325 | D:3      | Found Tuvosierrey's Weapon Boutique.
  2358 | D:3      | Found a bloodstained altar of Trog.
  3252 | D:4      | Noticed a phantom
  3341 | D:4      | Noticed a centaur
  3346 | D:4      | HP: 1/24 [centaur/arrow (12)]
  3363 | D:4      | Shot with an arrow by a centaur

Illustrated notes

Levels and vault maps discovered:
D:1:      minmay_arrival_loop, layout_loops_ring
D:2:      layout_loops_corners, serial_shops, shop
D:3:      minmay_bubble_buster, layout_basic, bloody_trog, serial_shops, shop,
          nicolae_shop_tiny_real_fake_doors, shop, uniq_jessica
D:4:      layout_loops_ring, nemelex_spade_bored_becter, elyvilon_altar_4,
          serial_shops, nicolae_lakefront_shop

Skill      XL: |  1  2  3  4 |
---------------+-------------+-----
Armour         | 1 |  1.9
Air Magic      | 5 |  5.7
Conjurations   | 2 |  2.0
Short Blades   | |  0.1
Dodging        | |  2.3
Stealth        | |  2.7
Spellcasting   | |  2.0

Action                     |  1- 3 |  4- 6 || total
---------------------------+-------+-------++-------
  Melee: Dagger            |    12 |       ||    12
         Kick              |     4 |     1 ||     5
         Short sword       |       |    13 ||    13
         Peck              |       |     2 ||     2
  Throw: Dart              |       |     1 ||     1
   Cast: Shock             |    62 |    44 ||   106
    Use: Potion            |       |     3 ||     3
   Stab: Sleeping          |     3 |     1 ||     4
 Armour: Leather armour    |     4 |     8 ||    12
  Dodge: Dodged            |     7 |    29 ||    36
